 Dungeon Crawl Stone Soup version 0.31-a0-1616-gbeaec30b81 (webtiles) character file.

Game seed: 5341895043824028550

275 croobank the Grave Robber (level 5, -2/38 HPs)
             Began as a Demigod Necromancer on Jan 11, 2024.
             Slain by an ogre
             ... wielding a +0 giant club
              (20 damage)
             ... on level 4 of the Dungeon.
             The game lasted 00:13:36 (4407 turns).

croobank the Grave Robber (Demigod Necromancer)     Turns: 4407, Time: 00:13:36

Health: -2/38      AC:  5    Str:  9    XL:     5   Next: 73%
Magic:  0/12       EV: 13    Int: 21    God:
Gold:   164        SH:  0    Dex: 14    Spells: 5/10 levels left

rFire   . . .        l - +1 dagger (speed)
rCold   . . .        (no shield)
rNeg    . . .        a - +0 robe
rPois   .            f - +0 helmet
rElec   .            p - +1 cloak
rCorr   .            (no gloves)
SInv    .            (no boots)
Will    .....        e - amulet of guardian spirit
Stlth   ++           q - ring of wizardry
HPRegen 0.26/turn    (no ring)
MPRegen 0.13/turn

%: guardian spirit, wizardry (x1)
@: animating dead
A: high MP 1, forlorn, divine attributes
a: no special abilities


You were on level 4 of the Dungeon.
You visited 1 branch of the dungeon, and saw 4 of its levels.

You collected 248 gold pieces.
You spent 84 gold pieces at shops.

Inventory:

Hand Weapons
 b - a +0 short sword
 j - a +3 trident
 l - a +1 dagger of speed (weapon)
 r - a +0 dagger of venom
 w - a +2 vampiric dagger
Armour
 a - a +0 robe (worn)
 f - a +0 helmet (worn)
 p - a +1 cloak (worn)
 s - a +0 ring mail
Jewellery
 e - an amulet of guardian spirit (around neck)
 q - a ring of wizardry (left hand)
 u - an amulet of the acrobat
Scrolls
 c - a scroll of acquirement
 g - 2 scrolls of teleportation
 i - 3 scrolls of identify {unknown}
 k - 2 scrolls of enchant armour {unknown}
 m - 2 scrolls of amnesia {unknown}
 n - 2 scrolls of vulnerability {unknown}
Potions
 d - a potion of degeneration {unknown}
 h - a potion of ambrosia {unknown}
 o - 2 potions of curing {unknown}
 t - a potion of brilliance {unknown}
 v - a potion of heal wounds {unknown}


   Skills:
 + Level 3.3 Dodging
 + Level 3.4 Stealth
 + Level 3.0 Spellcasting
 + Level 4.5 Necromancy


You had 5 spell levels left.
You knew the following spells:

 Your Spells              Type           Power      Damage    Failure   Level
a - Necrotise             Necr           88%        1d8       1%          1
A - Animate Dead          Necr           22%        N/A       9%          4

Your spell library contained the following spells:

 Spells                   Type           Power      Damage    Failure   Level
 Vampiric Draining        Necr           22%        2d7       2%          3
 Curse of Agony           Necr           22%        N/A       22%         5


Dungeon Overview and Level Annotations

Branches:
Dungeon (4/15)
 Temple: D:4-7

Shops:
D:4 *


Innate Abilities, Weirdness & Mutations

You have an increased reservoir of magic. (+10% MP)
You shall have no god before yourself.
Your divine heritage dramatically boosts your attributes as you level up.


Message History

Confirm with . or Enter, or press ? or * to list all spells.
Aiming: Necrotise (safe; 1% risk of failure)
Press: ? - help, Shift-Dir - straight line, f - ogre
Aim: an ogre, wielding a +0 giant club (chance to affect: 81%)
The ogre writhes in agony.
Casting: Necrotise (safe; 1% risk of failure)
Confirm with . or Enter, or press ? or * to list all spells.
You don't know that spell.
Sorry, you're not good enough to have a special ability.
Casting: Necrotise (safe; 1% risk of failure)
Confirm with . or Enter, or press ? or * to list all spells.
Aiming: Necrotise (safe; 1% risk of failure)
Press: ? - help, Shift-Dir - straight line, f/p - ogre
Aim: an ogre, wielding a +0 giant club (lightly wounded, chance to affect: 81%)
The ogre writhes in agony.
The ogre closely misses you.
You hit the ogre.
The ogre is lightly wounded.
You hit the ogre but do no damage.
The ogre is lightly wounded.
The ogre hits you with a +0 giant club!!
Ouch! That really hurt!
You hit the ogre.
The ogre is moderately wounded.
Casting: Necrotise (safe; 1% risk of failure)
Confirm with . or Enter, or press ? or * to list all spells.
Aiming: Necrotise (safe; 1% risk of failure)
Press: ? - help, Shift-Dir - straight line, f/p - ogre
Aim: an ogre, wielding a +0 giant club (moderately wounded, chance to affect: 81%)
The ogre writhes in agony!
The ogre misses you.
Casting: Necrotise (safe; 1% risk of failure)
Confirm with . or Enter, or press ? or * to list all spells.
Aiming: Necrotise (safe; 1% risk of failure)
Press: ? - help, Shift-Dir - straight line, f/p - ogre
Aim: an ogre, wielding a +0 giant club (heavily wounded, chance to affect: 81%)
The ogre writhes in agony.
You completely miss the ogre.
The ogre is heavily wounded.
The ogre hits you with a +0 giant club!!
Ouch! That really hurt!
You die...

..# #.########.# ..#
#..........# ..#
########..## ..# #..#
..# #..###### ###
#........ ..####
###.####### .....##
..#.######## .###..##
#.#....@O..#
...##..###.########.#
#...##..##. .#
#....##.##.## .#
##....#.##..###### ..
.##...#..##......# ##
..###...)#..####.#
#...####.#.## #.#
###......#.# #.#


You could see an ogre.

Vanquished Creatures
  2 orc priests
  Natasha (twice) (D:3)
  2 orc wizards
  A gnoll (D:4)
  3 adders
  4 dart slugs
  3 ribbon worms
  5 orcs
  7 endoplasms
  3 giant cockroaches
  8 hobgoblins
  6 ball pythons
  A frilled lizard (D:3)
  9 goblins
  4 kobolds
  3 rats
63 creatures vanquished.

Vanquished Creatures (collateral kills)
  2 endoplasms (D:1)
  A frilled lizard (D:3)
  A rat (D:1)
4 creatures vanquished.

Vanquished Creatures (others)
  An adder zombie (D:4)
  3 orc zombies (D:4)
  An endoplasm zombie (D:4)
  2 goblin zombies
7 creatures vanquished.

Grand Total: 74 creatures vanquished

Notes
Turn   | Place    | Note
-------+----------+-------------------------------------------
     0 | D:1      | croobank the Demigod Necromancer began the quest for the
                  | Orb.
     0 | D:1      | Reached XP level 1. HP: 14/14 MP: 5/5
    97 | D:1      | Identified a scroll of acquirement
   358 | D:1      | Reached XP level 2. HP: 13/20 MP: 5/7
  1342 | D:2      | HP: 1/20 [ribbon worm (5)]
  1506 | D:1      | Reached XP level 3. HP: 21/26 MP: 0/8
  2307 | D:3      | Reached skill level 4 in Necromancy
  2619 | D:3      | Noticed Natasha
  2627 | D:3      | Killed Natasha
  2628 | D:3      | Reached XP level 4. HP: 33/33 MP: 5/10
  3098 | D:3      | Noticed Natasha
  3105 | D:3      | Killed Natasha
  3106 | D:3      | Reached XP level 5. HP: 35/38 MP: 4/12
  3121 | D:3      | Learned a level 4 spell: Animate Dead
  3540 | D:4      | Found Uluin's Assorted Antiques.
  3552 | D:4      | Bought a scroll labelled QAOS CUJULLUAPH for 21 gold pieces
  3552 | D:4      | Bought a scroll labelled VUEKOV PURAQOFF for 21 gold pieces
  3552 | D:4      | Bought a scroll labelled MELETO VUONKI for 21 gold pieces
  3552 | D:4      | Bought a scroll labelled VUEKOV PURAQOFF for 21 gold pieces
  3727 | D:4      | Noticed an ogre
  4395 | D:4      | Noticed an ogre
  4407 | D:4      | Slain by an ogre

Illustrated notes

Levels and vault maps discovered:
D:1:      dpeg_cavernosity, layout_rooms
D:2:      layout_basic
D:3:      layout_loops_corners, shapermc_ecumenical_altar_totnotflames,
          uniq_natasha
D:4:      minmay_evil_eye, layout_loops_ring, serial_shops,
          nicolae_stop_n_shop_1, kennysheep_orc_chapel

Skill      XL: |  1  2  3  4  5 |
---------------+----------------+-----
Stealth        | 2 3 |  3.4
Dodging        | 2 3 |  3.3
Spellcasting   | 2 3 |  3.0
Necromancy     | 4 |  4.5

Action                     |  1- 3 |  4- 6 || total
---------------------------+-------+-------++-------
  Melee: Unarmed           |     1 |       ||     1
         Dagger            |    47 |   108 ||   155
         Punch             |     2 |       ||     2
         Trident           |     1 |       ||     1
   Cast: Necrotise         |    83 |    51 ||   134
         Animate Dead      |       |     7 ||     7
    Use: Potion            |     1 |       ||     1
         Scroll            |       |     2 ||     2
   Stab: Sleeping          |     4 |     3 ||     7
 Armour: Robe              |    33 |    49 ||    82
  Dodge: Dodged            |    49 |    61 ||   110

Table legend: (Time is in decaauts)
 A = Elapsed time spent in this place.
 B = Non-inter-level travel time spent in this place.
 C = Inter-level travel time spent in this place.
 D = Time resting spent in this place.
 E = Time spent auto-exploring this place.
 F = Levels seen in this place.
 G = Mean time per level.
                   A        B        C        D        E       F      G
               +--------+--------+--------+--------+--------+-----+--------+
         Total |   4355 |   4167 |    188 |    262 |   3022 |   4 | 1088.8 |
       Dungeon |   4355 |   4167 |    188 |    262 |   3022 |   4 | 1088.8 |
               +--------+--------+--------+--------+--------+-----+--------+

Top non-repeatable levels by time:
     D:3: 1233 daAuts
     D:1: 1160 daAuts
     D:2: 1046 daAuts
     D:4: 915 daAuts
